 Dungeon Crawl Stone Soup version 0.31-a0-221-gbddc013574 (webtiles) character file.

Game seed: 7993430263037755866

5891 Zonian the Markself (level 10, -2/60 HPs)
             Began as a Deep Elf Hunter on July 4, 2023.
             Was a Follower of Ashenzari.
             Slain by a hornet (9 damage)
             ... while paralysed by a hornet
             ... on level 9 of the Dungeon.
             The game lasted 00:26:38 (12705 turns).

Zonian the Markself (Deep Elf Hunter)              Turns: 12705, Time: 00:26:38

Health: -2/60      AC:  8    Str:  8    XL:     10   Next: 53%
Magic:  21/21      EV:  2    Int: 17    God:    Ashenzari [*.....]
Gold:   103        SH:  0    Dex: 20    Spells: 7/9 levels left

rFire   . . .        g - +2 hand crossbow (flame)
rCold   . . .        (no shield)
rNeg    . . .        E - +3 leather armour
rPois   .            (no helmet)
rElec   .            v - +1 cloak "Ethics of Ashenzari" {Evo, Melee} (curse)
rCorr   .            (no gloves)
SInv    .            (no boots)
Will    +....        (no amulet)
Stlth   +++          f - ring "Unveiling Oblivion" {MP+9, Fort, Elem} (curse)
HPRegen 0.30/turn    B - ring of flight
MPRegen 0.17/turn

%: no passive effects
@: paralysed, flying, slowed
A: no striking features
a: Renounce Religion, Shatter the Chains


You were on level 9 of the Dungeon.
You worshipped Ashenzari.
Ashenzari was aware of your devotion.
You visited 2 branches of the dungeon, and saw 10 of its levels.
You also visited: Sewer and Ossuary.

You collected 475 gold pieces.
You spent 372 gold pieces at shops.

Inventory:

Hand Weapons
 a - a +0 heavy shortbow
 g - a +2 hand crossbow of flaming (weapon)
 h - a +0 orcbow
 p - a +4 whip of venom
 q - the +3 war axe "Waxun" {flame, +Blink rF+ rC+ Dex+5}
   (You found it on level 3 of the Dungeon)

   Dex:       It affects your dexterity (+5).
   rF:        It protects you from fire.
   rC:        It protects you from cold.
   +Blink:    It lets you blink.
Missiles
 o - 14 throwing nets
 x - 7 boomerangs
Armour
 c - a +1 leather armour
 d - an orb of energy
 v - the cursed +1 cloak "Ethics of Ashenzari" (worn) {Evo, Melee}
   (You found it in a sewer)

   It has a curse which improves the following skills: Evocations: Evocations.
   Melee Combat: Short Blades, Long Blades, Axes, Maces & Flails, Polearms,
   Staves and Unarmed Combat.
 D - a +0 scale mail of willpower
 E - a +3 leather armour (worn)
 G - the +3 scale mail of Coimoygh {rN+}
   (You found it on level 8 of the Dungeon)

   rN:        It protects you from negative energy.
Magical Staves
 H - a staff of poison
Jewellery
 f - the cursed ring "Unveiling Oblivion" (left hand) {MP+9, Fort, Elem}
   (You found it on level 1 of the Dungeon)

   [ring of magical power]

   MP:        It affects your magic capacity (+9).
   It has a curse which improves the following skills: Fortitude: Armour and
   Shields.
   Elements:  Fire Magic, Ice Magic, Air Magic and Earth Magic.
 B - a ring of flight (right hand)
Wands
 n - a wand of mindburst (11)
 r - a wand of flame (41)
Scrolls
 b - a scroll of butterflies
 l - a scroll of fog
 m - a scroll of amnesia
 s - a scroll of identify
 t - 2 scrolls of immolation
 w - 2 scrolls of blinking
 y - a scroll of poison
 A - a scroll of torment
Potions
 e - 3 potions of enlightenment
 j - a potion of invisibility
 k - a potion of brilliance
 u - 2 potions of berserk rage
 z - 3 potions of degeneration
 C - a potion of mutation
 F - a potion of heal wounds


   Skills:
 - Level 5.6 Fighting
 + Level 17.5 Ranged Weapons
 - Level 4.2 Dodging
 - Level 4.1 Stealth
 - Level 4.0 Translocations


You had 7 spell levels left.
You knew the following spells:

 Your Spells              Type           Power      Damage    Failure   Level
a - Blink                 Tloc           26%        N/A       10%         2

Your spell library contained the following spells:

 Spells                   Type           Power      Damage    Failure   Level
 Lesser Beckoning         Tloc           26%        N/A       10%         2
 Momentum Strike          Conj/Tloc      12%        3d8       22%         2
 Static Discharge         Conj/Air       0%         2-2/arc   45%         2
 Hailstorm                Conj/Ice       0%         3d3       71%         3
 Airstrike                Air            0%         2d(0-16)  98%         4
 Ice Form                 Ice/Tmut       0%         N/A       98%         4
 Olgreb's Toxic Radiance  Pois           0%         N/A       98%         4
 Summon Lightning Spire   Summ/Air       0%         N/A       98%         4
 Simulacrum               Ice/Necr       0%         N/A       100%        6
 Discord                  Hex            0%         N/A       100%        8
 Ignition                 Fire           0%         3d3       100%        8


Dungeon Overview and Level Annotations

Branches:
Dungeon (9/15)             Temple (1/1) D:7           Sewer (visited)
Ossuary (visited)
   Lair: D:8-11         Orc: D:9-12

Altars:
Ashenzari
Dithmenos
Fedhas
Kikubaaqudgha
Makhleb
Nemelex Xobeh
Okawaru
Qazlal
Ru
Sif Muna
Trog
Uskayaw
Vehumet
Wu Jian
Xom
Yredelemnul
Zin
The Shining One

Shops:
D:3 !   D:6 [   D:7 ?

Annotations:
D:1 1 transporter
D:5 2 transporters, 1 runed translucent door, Crazy Yiuf; ForestMusic's ghost, novice MiBe


Message History

Unknown command.
You shoot a bolt. The bolt hits the hornet!
The bolt burns the hornet.
The hornet buzzes angrily.
The hornet is moderately wounded.
You shoot a bolt. The bolt hits the hornet!
The bolt burns the hornet.
The hornet is almost dead.
The hornet closely misses you.
You shoot a bolt. The bolt misses the hornet.
The hornet stings you!
You are poisoned.
You suddenly lose the ability to move!
The hornet stings you.
You feel yourself slow down.
You feel yourself speed up.
You feel very sick. The hornet stings you.
You shrug off the repeated paralysis!
You can move again.
Fire: g) +2 hand crossbow (flame)
Press: ? - help, Q - select action, (/) - cycle Shift-Dir - straight line, f/p - hornet
Aim: a hornet (almost dead, 64% to hit)
You shoot a bolt. The bolt hits the hornet.
The bolt burns the hornet.
The hornet is almost dead.
You feel sick. The hornet stings you!
You feel yourself slow down. The hornet stings you!
* * * LOW HITPOINT WARNING * * *
You are lethally poisoned!
You feel as though you will be slow longer.
You feel better. The hornet stings you!
* * * LOW HITPOINT WARNING * * *
You feel as though you will be slow longer.
The hornet misses you.
Unknown command.
Fire: g) +2 hand crossbow (flame)
Press: ? - help, Q - select action, (/) - cycle Shift-Dir - straight line, f/p - hornet
Aim: a hornet (almost dead, 64% to hit)
You shoot a bolt. The bolt closely misses the hornet.
The hornet closely misses you. The hornet stings you.
* * * LOW HITPOINT WARNING * * *
You suddenly lose the ability to move!
The hornet stings you but does no damage.
The hornet stings you!
You die...

####'# #..... #####
#..<.. + #...# #.....
#. #...# #..... ..
#)..# #..... #.##...#
#..... #..y...#####
+..... #@......+
#..... #.......#
#####' ##.>##### #...
######..## ##.##
#........##### #....
#........'...####....
+........###.........
#........# ######....
#........# #....


You could see a hornet.

Vanquished Creatures
  A two-headed ogre (D:6)
  Pikel (D:8)
  A hornet (D:7)
  Menkaure (D:5)
  Edmund (D:5)
  5 water moccasins
  2 ice beasts
  3 black bears (D:5)
  An orc warrior (D:6)
  Pargi (Sewer)
  2 sky beasts (D:6)
  2 ogres
  5 centaurs
  2 lemures (D:8)
  A kobold brigand (D:6)
  2 phantoms
  3 bullfrogs
  2 gnoll sergeants (D:6)
  2 scorpions
  12 wights (D:7)
  4 howler monkeys (D:8)
  2 orc priests
  4 hounds
  4 jellies
  4 gnoll boudas (D:6)
  2 iguanas
  5 orc wizards
  A mummy (Ossuary)
  29 gnolls
  5 adders
  A shadow imp (D:6)
  A white imp (D:9)
  An ufetubus (D:5)
  A worm (D:5)
  A dart slug (D:1)
  12 orcs
  6 spectral bats (Ossuary)
  9 bats
  4 bat simulacra (Ossuary)
  8 endoplasms
  2 giant cockroaches
  12 gnoll zombies (Ossuary)
  7 hobgoblins
  15 jackals
  14 kobolds
  A quokka (D:2)
  4 ball pythons
  5 frilled lizards
  7 goblins
  2 goblin simulacra (Ossuary)
  3 goblin zombies (Ossuary)
  2 hobgoblin zombies (Ossuary)
  2 kobold simulacra (Ossuary)
  9 kobold zombies (Ossuary)
  4 orc zombies (Ossuary)
  5 rats
  A rat simulacrum (Ossuary)
  6 spectral goblins (Ossuary)
  6 spectral kobolds (Ossuary)
  3 spectral rats (Ossuary)
264 creatures vanquished.

Notes
Turn   | Place    | Note
-------+----------+-------------------------------------------
     0 | D:1      | Zonian the Deep Elf Hunter began the quest for the Orb.
     0 | D:1      | Reached XP level 1. HP: 12/12 MP: 3/3
   154 | D:1      | Reached XP level 2. HP: 15/17 MP: 4/4
   389 | D:1      | Found a faded altar of an unknown god.
   964 | D:2      | Reached XP level 3. HP: 21/21 MP: 5/5
  1735 | D:3      | Identified the +3 war axe "Waxun" {flame, +Blink rF+ rC+
                  | Dex+5}
  1888 | D:3      | Found Kemoset's Distillery.
  1894 | D:3      | Bought 2 potions of heal wounds for 130 gold pieces
  1933 | D:3      | Reached XP level 4. HP: 26/26 MP: 6/6
  1976 | D:3      | Found a glowing drain.
  1985 | Sewer    | Entered a sewer
  2012 | Sewer    | Noticed Pargi
  2046 | Sewer    | Killed Pargi
  2047 | Sewer    | Reached skill level 6 in Ranged Weapons
  2047 | Sewer    | Reached XP level 5. HP: 26/31 MP: 7/7
  3175 | D:4      | Reached XP level 6. HP: 36/36 MP: 8/8
  3399 | D:4      | Noticed an ice beast
  4167 | D:3      | Bought a potion of heal wounds for 65 gold pieces
  4225 | D:5      | Entered Level 5 of the Dungeon
  4225 | D:5      | Noticed Edmund
  4401 | D:5      | Reached skill level 7 in Ranged Weapons
  4800 | D:5      | Noticed an acid dragon
  4805 | D:5      | Found a transporter.
  4805 | D:5      | Noticed ForestMusic's ghost (novice MiBe)
  4808 | D:5      | Found a transporter.
  4864 | D:5      | Reached XP level 7. HP: 13/43 MP: 9/9
  4900 | D:5      | Reached skill level 8 in Ranged Weapons
  5277 | D:5      | Identified a scroll of acquirement
  5277 | D:5      | Acquired a +2 hand crossbow of flaming
  5284 | D:5      | Noticed an angel
  5285 | D:5      | Found a glowing silver altar of Zin.
  5342 | D:5      | Noticed Menkaure
  5344 | D:5      | Killed Menkaure
  5463 | D:5      | Reached skill level 9 in Ranged Weapons
  5737 | D:5      | Reached skill level 5 in Fighting
  5737 | D:5      | Reached XP level 8. HP: 49/49 MP: 10/10
  6276 | D:5      | Killed Edmund
  6277 | D:5      | Reached skill level 10 in Ranged Weapons
  6685 | D:5      | Found a runed translucent door.
  6686 | D:5      | Noticed Crazy Yiuf
  6922 | D:6      | Reached skill level 11 in Ranged Weapons
  6953 | D:6      | Found a sand-covered staircase.
  6958 | Ossuary  | Entered an ossuary
  7183 | Ossuary  | Reached skill level 12 in Ranged Weapons
  8089 | D:6      | Reached XP level 9. HP: 48/50 MP: 11/11
  8096 | D:6      | Noticed a two-headed ogre
  8112 | D:6      | Killed a two-headed ogre
  8113 | D:6      | Reached skill level 13 in Ranged Weapons
  8247 | D:6      | Reached skill level 14 in Ranged Weapons
  8707 | D:6      | Learned a level 2 spell: Blink
  8741 | D:6      | Reached skill level 1 in Translocations
  9365 | D:6      | Found Uhuph's Armour Boutique.
  9485 | D:6      | Reached skill level 15 in Ranged Weapons
  9667 | D:7      | Found a staircase to the Ecumenical Temple.
  9675 | Temple   | Entered the Ecumenical Temple
  9785 | Temple   | Became a worshipper of Ashenzari the Shackled
 10021 | D:7      | Found Yhucehedd's Magic Scroll Shop.
 10026 | D:7      | Bought a scroll of blinking for 112 gold pieces
 10564 | D:7      | Reached XP level 10. HP: 60/60 MP: 12/12
 10612 | D:7      | Paralysed by a hornet for 1 turns
 11001 | D:7      | Reached skill level 16 in Ranged Weapons
 11372 | D:3      | Bought a potion of heal wounds for 65 gold pieces
 11694 | D:8      | Noticed Pikel
 11709 | D:8      | Killed Pikel
 11710 | D:8      | Reached skill level 17 in Ranged Weapons
 11836 | D:8      | Identified the +3 scale mail of Coimoygh {rN+}
 11929 | D:8      | Found a burning altar of Makhleb.
 11991 | D:8      | Identified the +0 leather armour "Paneyguo" {Fly Will-
                  | Str-3 Dex+8}
 12594 | D:8      | Reached * piety under Ashenzari
 12666 | D:9      | Found a shimmering altar of Xom.
 12666 | D:9      | Found a shimmering altar of Xom.
 12666 | D:9      | Found a shimmering altar of Xom.
 12666 | D:9      | Found a shimmering altar of Xom.
 12700 | D:9      | Paralysed by a hornet for 2 turns
 12704 | D:9      | Paralysed by a hornet for 3 turns
 12705 | D:9      | Slain by a hornet

Illustrated notes

Levels and vault maps discovered:
D:1:      spicycebolla_arrival_risky_transporter, layout_loops_ring,
          dreamdust_ecumenical_altar_angels_and_demons,
          nicolae_figureground_pulse
D:2:      layout_loops_ring
D:3:      layout_basic, serial_shops, nicolae_shop_hallway_plus,
          portal_sewer_entry_d, chequers_garden, kennysheep_crisscross
D:4:      layout_cave_pods, serial_co_window_serial, co_window_corner_a,
          co_window_paths_b, co_window_paths_a, co_window_of_opportunity_a,
          co_window_paths_b, co_window_paths_a, co_window_corner_a,
          co_window_corner_ca, co_window_unsneaky_path_b, co_window_2corner,
          co_window_broadway_c, co_window_of_opportunity_c, co_window_2corner,
          co_window_corner_b, co_window_4corner_b, co_window_sun,
          glass_columns_a, glass_columns_c
D:5:      layout_loops_ring, zin_angel, gammafunk_ghost_arena,
          uniq_crazy_yiuf_cottage, uniq_edmund, uniq_menkaure
D:6:      layout_cave_pools, serial_gnoll_camp, gnoll_camp_mini_hut,
          gnoll_camp_mini_loothouse, gnoll_camp_mini_shop,
          gnoll_camp_mini_basic, gnoll_camp_huts_moat, enter_ossuary_5,
          minmay_misc_feat_iff
D:7:      layout_cave_pools, minmay_temple_entry_junction_2, serial_shops, shop,
          hangedman_decor_push, grunt_decor_cap, minmay_misc_feat_more_columns
D:8:      layout_gridville, lightli_temple_of_fire, nrook_loot_triangle,
          uniq_pikel
D:9:      layout_roguey, elyvilon_altar_3, xom_shifter_show,
          minmay_orc_entry_temple_small, serial_ice, serial_ice_o, serial_ice_e,
          serial_ice_j, serial_ice_b, fungi_pond_lemuel, minivault_22
Temple:   mainiacjoe_temple_bowtie_tessellation

Skill      XL: |  1  2  3  4  5  6  7  8  9 10 |
---------------+-------------------------------+-----
Stealth        | 2 3 4 |  4.1
Fighting       | 2 4 5 |  5.6
Dodging        | 3 4 |  4.2
Ranged Weapons | 6 7 9 12 15 17 | 17.5
Translocations | 4 |  4.0

Action                     |  1- 3 |  4- 6 |  7- 9 | 10-12 || total
---------------------------+-------+-------+-------+-------++-------
  Melee: War axe           |       |     6 |    12 |       ||    18
         Punch             |       |       |     1 |       ||     1
   Fire: Shortbow          |   107 |   122 |    94 |       ||   323
         Hand crossbow     |       |       |   253 |    78 ||   331
 Invoke: Curse Item        |       |       |       |     2 ||     2
  Evoke: Wand              |       |       |     3 |       ||     3
    Use: Potion            |       |     4 |     1 |     3 ||     8
         Scroll            |       |     6 |    16 |       ||    22
 Armour: Leather armour    |    10 |    17 |    41 |     7 ||    75
  Dodge: Dodged            |    19 |    66 |   112 |    19 ||   216

Table legend: (Time is in decaauts)
 A = Elapsed time spent in this place.
 B = Non-inter-level travel time spent in this place.
 C = Inter-level travel time spent in this place.
 D = Time resting spent in this place.
 E = Time spent auto-exploring this place.
 F = Levels seen in this place.
 G = Mean time per level.
                   A        B        C        D        E       F      G
               +--------+--------+--------+--------+--------+-----+--------+
         Total |  12874 |  12144 |    730 |   4920 |   5030 |  12 | 1072.8 |
       Dungeon |  11670 |  10950 |    720 |   4395 |   4816 |   9 | 1296.7 |
        Temple |    120 |    110 |     10 |      0 |     96 |   1 |  120.0 |
         Sewer |    110 |    110 |      0 |      0 |     14 |   1 |  110.0 |
       Ossuary |    973 |    973 |      0 |    525 |    104 |   1 |  973.0 |
               +--------+--------+--------+--------+--------+-----+--------+

Top non-repeatable levels by time:
     D:5: 2688 daAuts
     D:4: 2017 daAuts
     D:6: 1846 daAuts
     D:7: 1485 daAuts
     D:8: 1110 daAuts
 Ossuary: 973 daAuts
     D:1: 862 daAuts
     D:3: 853 daAuts
     D:2: 722 daAuts
  Temple: 120 daAuts
   Sewer: 110 daAuts
     D:9: 83 daAuts
